 Dungeon Sprint DCSS version 0.27-a0-463-gec7707c53d (webtiles) character file.

Game seed: 15549152533099132082

34105 mhtbhm the Executioner (level 13, -1/139 HPs)
             Began as a Minotaur Fighter on Feb 28, 2021.
             Was the Champion of Trog.
             Slain by a nine-headed hydra (7 damage)
             ... in the Dungeon (Sprint VII: "The Pits").
             The game lasted 00:06:05 (3673 turns).

mhtbhm the Executioner (Minotaur Fighter)           Turns: 3673, Time: 00:06:06

Health: -1/139     AC: 20    Str: 31      XL:     13   Next: 40%
Magic:  12/12      EV: 12    Int:  4 (5)  God:    Trog [******]
Gold:   47         SH: 16    Dex: 11      Spells: 12/12 levels left

rFire    . . .     SeeInvis +   a - +8 broad axe (vorpal)
rCold    . . .     Faith    .   c - +0 kite shield
rNeg     . . .     Spirit   .   b - +4 chain mail
rPois    .         Reflect  .   (helmet restricted)
rElec    .         Harm     .   (no cloak)
rCorr    .         Rampage  .   p - +0 pair of gloves
Will     .....     NoTele   +   (no boots)
Stlth    ..........             (no amulet)
HPRegen  0.33/turn              x - +6 ring of strength
MPRegen  0.13/turn              u - ring of see invisible

@: berserk cooldown, slowed, very slow
A: retaliatory headbutt, horns 2
a: Renounce Religion, Berserk, Trog's Hand, Brothers in Arms


You were in the Dungeon.
You worshipped Trog.
Trog was exalted by your worship.
You visited 1 branch You collected 47 gold pieces.

Inventory:

Hand Weapons
 a - a +8 vorpal broad axe (weapon)
 q - the +9 war axe "Dowaoneo" {flame, +Fly}
   (Trog gifted it to you in the Dungeon)

   It has been specially enchanted to burn those struck by it, causing extra
   injury to most foes and up to half again as much damage against particularly
   susceptible opponents.
   Big, fiery blades are also staple armaments of hydra-hunters.
   It lets you fly.
Armour
 b - a +4 chain mail (worn)
 c - a +0 kite shield (worn)
 p - a +0 pair of gloves (worn)
Jewellery
 u - a ring of see invisible (right hand)
 w - a ring of fire
 x - a +6 ring of strength (left hand)
 y - a ring of ice
Scrolls
 j - 2 scrolls of blinking
 l - a scroll of summoning
 r - 8 scrolls of enchant weapon
 s - 2 scrolls of identify
 t - 2 scrolls of fog
Potions
 d - 3 potions of might
 e - 3 potions of curing
 f - 19 potions of heal wounds
 g - a potion of haste
 h - 4 potions of magic
 i - 3 potions of berserk rage
 k - 2 potions of invisibility
 o - 6 potions of mutation
 v - a potion of resistance
Miscellaneous
 m - a tin of tremorstones (2/2)


   Skills:
 + Level 19.8 Fighting
 + Level 22.8 Axes
 + Level 18.3 Armour
 + Level 7.4 Dodging
 + Level 5.4 Stealth
 + Level 18.3 Shields


You had 12 spell levels left.
You didn't know any spells.
Your spell library was empty.

Dungeon Overview and Level Annotations

Branches:
Dungeon (1/1)

Altars:
Ashenzari
Cheibriados
Dithmenos
Elyvilon
Fedhas
Gozag
Hepliaklqana
Kikubaaqudgha
Makhleb
Nemelex Xobeh
Okawaru
Qazlal
Ru
Sif Muna
Trog
Uskayaw
Vehumet
Wu Jian
Xom
Yredelemnul
Zin
The Shining One
Beogh
Jiyva
Lugonu


Innate Abilities, Weirdness & Mutations

You reflexively headbutt those who attack you in melee.
You have a pair of horns on your head.


Message History

You headbutt the nine-headed hydra!
The nine-headed hydra is almost dead.
The nine-headed hydra bites you but does no damage.
The nine-headed hydra barely misses you.
You block the nine-headed hydra's attack.
The nine-headed hydra bites you but does no damage.
The nine-headed hydra closely misses you.
You block the nine-headed hydra's attack. x3
The nine-headed hydra barely misses you.
Unknown command.
Unknown command.
Your stone giant goes berserk!
The neqoxec gestures at you.
You feel dopey. Something feeds on your intellect!
The nine-headed hydra bites you.
* * * LOW HITPOINT WARNING * * *
The nine-headed hydra bites you!
* * * LOW HITPOINT WARNING * * *
You block the nine-headed hydra's attack.
The nine-headed hydra bites you.
* * * LOW HITPOINT WARNING * * *
The nine-headed hydra closely misses you.
The nine-headed hydra bites you.
* * * LOW HITPOINT WARNING * * *
You block the nine-headed hydra's attack.
The nine-headed hydra bites you!
* * * LOW HITPOINT WARNING * * *
The nine-headed hydra closely misses you.
Unknown command.
You feel much better.
You block the nine-headed hydra's attack.
The nine-headed hydra bites you!
* * * LOW HITPOINT WARNING * * *
The nine-headed hydra bites you but does no damage. x2
The nine-headed hydra bites you.
* * * LOW HITPOINT WARNING * * *
You block the nine-headed hydra's attack.
The nine-headed hydra bites you but does no damage.
The nine-headed hydra bites you!
You die...

#......... +..#....#.
+......... #.........
################..#....#.
........†.)...''.........
.........C†...''.........
#########)##..##..#....#.
#@#.#..##.........
#D#[##..##......... #3#
#.#..####''####' #h#
##..####''####' #.#
#..##).....##. ##
#..##)#'##.##. #
#)#..'.##. # #.=.:#.##. #
#.#..+ ##.


You could see a nine-headed hydra (ally target), a neqoxec, a warg and a
friendly stone giant (summoned, berserk).

Vanquished Creatures
  A profane servitor (D)
  A Brimstone Fiend (D)
  A fire giant (D)
  A balrug (D)
  3 emperor scorpions (D)
  A stone giant (D)
  A black draconian (D)
  2 boulder beetles (D)
  A centaur warrior (D)
  A catoblepas (D)
  2 two-headed ogres (D)
  A death knight (D)
  A merfolk aquamancer (D)
  2 orc high priests (D)
  Urug (D)
  6 hell knights (D)
  A flayed ghost (D)
  2 swamp dragons (D)
  A wizard (D)
  Pikel (D)
  2 phantasmal warriors (D)
  An elephant (D)
  A black mamba (D)
  A guardian serpent (D)
  An orange demon (D)
  A smoke demon (D)
  A kobold demonologist (D)
  A freezing wraith (D)
  4 ice devils (D)
  A troll (D)
  A merfolk (D)
  A polar bear (D)
  A wind drake (D)
  A snapping turtle (D)
  3 dream sheep (D)
  2 air elementals (D)
  A spriggan (D)
  A wyvern (D)
  3 water elementals (D)
  A redback (D)
  A ynoxinul (D)
  7 yaks (D)
  A steam dragon (D)
  An acid dragon (D)
  2 wargs (D)
  A floating eye (D)
  2 sky beasts (D)
  A swamp drake (D)
  An orc warrior (D)
  A small abomination (D)
  A phantom (D)
  A bullfrog (D)
  A kobold brigand (D)
  An earth elemental (D)
  4 killer bees (D)
  A crimson imp (D)
  An orc priest (D)
  2 worker ants (D)
  An iguana (D)
  An orc wizard (D)
  An adder (D)
  2 gnolls (D)
  An ufetubus (D)
  An ooze (D)
  2 adder skeletons (D)
  A worm (D)
  A leopard gecko (D)
  9 orcs (D)
  A ball python (D)
  A bat skeleton (D)
  A giant cockroach (D)
  A hobgoblin (D)
  A quokka (D)
  4 kobolds (D)
119 creatures vanquished.

Vanquished Creatures (collateral kills)
  A hydra (D)
  An elephant (D)
  A komodo dragon (D)
  2 dream sheep (D)
  An orc warrior (D)
  An eye of draining (D)
  An orc wizard (D)
  A worm (D)
9 creatures vanquished.

Grand Total: 128 creatures vanquished

Notes
Turn   | Place    | Note
-------+----------+-------------------------------------------
     0 | D        | mhtbhm the Minotaur Fighter began the quest for the Orb.
     0 | D        | Reached XP level 1. HP: 19/19 MP: 0/0
    12 | D        | Reached XP level 2. HP: 28/28 MP: 1/1
    17 | D        | Found a bloodstained altar of Trog.
    17 | D        | Found a shimmering blue altar of Sif Muna.
    17 | D        | Found a viscous altar of Jiyva.
    17 | D        | Found a hazy altar of Hepliaklqana.
    17 | D        | Found an opulent altar of Gozag.
    18 | D        | Found a glowing golden altar of the Shining One.
    18 | D        | Found a glowing silver altar of Zin.
    18 | D        | Found a basalt altar of Yredelemnul.
    18 | D        | Found a shimmering altar of Xom.
    18 | D        | Found an ornate altar of the Wu Jian Council.
    18 | D        | Found a sacrificial altar of Ru.
    18 | D        | Found a stormy altar of Qazlal.
    18 | D        | Found an iron altar of Okawaru.
    18 | D        | Found a sparkling altar of Nemelex Xobeh.
    18 | D        | Found a burning altar of Makhleb.
    18 | D        | Found a blossoming altar of Fedhas.
    18 | D        | Found a white marble altar of Elyvilon.
    18 | D        | Found a shadowy altar of Dithmenos.
    18 | D        | Found a snail-covered altar of Cheibriados.
    22 | D        | Found a roughly hewn altar of Beogh.
    22 | D        | Found a corrupted altar of Lugonu.
    22 | D        | Found a radiant altar of Vehumet.
    24 | D        | Became a worshipper of Trog the Wrathful
    64 | D        | Reached skill level 3 in Axes
    67 | D        | Reached skill level 5 in Fighting
    67 | D        | Reached skill level 5 in Armour
    67 | D        | Reached skill level 5 in Shields
   139 | D        | Reached * piety under Trog
   148 | D        | Reached ** piety under Trog
   149 | D        | Reached XP level 3. HP: 35/36 MP: 2/2
   251 | D        | Noticed a warg
   251 | D        | Noticed a bullfrog
   256 | D        | Reached skill level 4 in Axes
   256 | D        | Killed a bullfrog
   256 | D        | Reached *** piety under Trog
   257 | D        | Reached skill level 5 in Axes
   257 | D        | Reached skill level 1 in Dodging
   257 | D        | Reached XP level 4. HP: 47/47 MP: 3/3
   262 | D        | Killed a warg
   263 | D        | Reached skill level 7 in Axes
   263 | D        | Reached XP level 5. HP: 56/56 MP: 4/4
   264 | D        | Reached **** piety under Trog
   347 | D        | Noticed a sky beast
   353 | D        | Killed a sky beast
   354 | D        | Reached skill level 8 in Axes
   354 | D        | Reached XP level 6. HP: 63/63 MP: 5/5
   356 | D        | Noticed an orc high priest
   360 | D        | Noticed a sixfirhy
   366 | D        | Noticed a smoke demon
   366 | D        | Noticed a hellwing
   367 | D        | Killed an orc high priest
   368 | D        | Reached skill level 10 in Fighting
   368 | D        | Reached skill level 11 in Axes
   368 | D        | Reached skill level 10 in Armour
   368 | D        | Reached skill level 1 in Stealth
   368 | D        | Reached skill level 10 in Shields
   368 | D        | Reached XP level 7. HP: 40/73 MP: 6/6
   517 | D        | Noticed Pikel
   538 | D        | Killed Pikel
   539 | D        | Reached skill level 12 in Axes
   539 | D        | Reached XP level 8. HP: 72/82 MP: 7/7
   583 | D        | Noticed an ice devil
   583 | D        | Noticed a boulder beetle
   590 | D        | Reached ***** piety under Trog
   605 | D        | Killed an ice devil
   606 | D        | Reached skill level 13 in Axes
   858 | D        | Killed a boulder beetle
   859 | D        | Reached skill level 14 in Axes
   859 | D        | Reached XP level 9. HP: 36/91 MP: 8/8
  1157 | D        | Found a hide-covered altar of Uskayaw.
  1157 | D        | Found an ancient bone altar of Kikubaaqudgha.
  1157 | D        | Found a broken altar of Ashenzari.
  1184 | D        | Noticed an ice devil
  1191 | D        | Killed an ice devil
  1192 | D        | Received a gift from Trog
  1393 | D        | Noticed a phantasmal warrior
  1401 | D        | Killed a phantasmal warrior
  1402 | D        | Reached skill level 15 in Axes
  1438 | D        | Noticed a catoblepas
  1446 | D        | Killed a catoblepas
  1447 | D        | Reached skill level 5 in Dodging
  1447 | D        | Reached XP level 10. HP: 101/101 MP: 9/9
  1534 | D        | Noticed a hell knight
  1535 | D        | Noticed a hell knight
  1535 | D        | Noticed a hell knight
  1536 | D        | Noticed a hell knight
  1536 | D        | Noticed a hell knight
  1538 | D        | Noticed a hell knight
  1543 | D        | Killed a hell knight
  1544 | D        | Reached skill level 16 in Axes
  1544 | D        | Killed a hell knight
  1547 | D        | Killed a hell knight
  1547 | D        | Received a gift from Trog
  1548 | D        | Killed a hell knight
  1549 | D        | Reached skill level 17 in Axes
  1551 | D        | Killed a hell knight
  1551 | D        | Reached ****** piety under Trog
  1555 | D        | Killed a hell knight
  1555 | D        | Received a gift from Trog
  1556 | D        | Reached XP level 11. HP: 17/111 MP: 10/10
  1906 | D        | Noticed a flayed ghost
  1912 | D        | Killed a flayed ghost
  1913 | D        | Reached skill level 18 in Axes
  1917 | D        | Reached skill level 15 in Armour
  1961 | D        | Noticed a Brimstone Fiend
  1968 | D        | Killed a Brimstone Fiend
  1969 | D        | Reached skill level 15 in Fighting
  1969 | D        | Reached skill level 19 in Axes
  2323 | D        | Paralysed by a floating eye for 4 turns
  2327 | D        | Received a gift from Trog
  2357 | D        | Noticed a boulder beetle
  2375 | D        | Killed a boulder beetle
  2375 | D        | Identified the +9 war axe "Dowaoneo" {flame, +Fly} (Trog
                  | gifted it to you in the Dungeon)
  2375 | D        | Received a gift from Trog
  2491 | D        | Noticed a phantasmal warrior
  2500 | D        | Killed a phantasmal warrior
  2500 | D        | Received a gift from Trog
  2572 | D        | Reached skill level 20 in Axes
  2572 | D        | Reached skill level 15 in Shields
  2577 | D        | Noticed an emperor scorpion
  2578 | D        | Noticed Urug
  2578 | D        | Noticed an emperor scorpion
  2581 | D        | Noticed an orc high priest
  2588 | D        | Killed an emperor scorpion
  2593 | D        | Received a gift from Trog
  2598 | D        | Killed an emperor scorpion
  2599 | D        | Reached XP level 12. HP: 116/124 MP: 11/11
  2599 | D        | Killed Urug
  2603 | D        | Killed an orc high priest
  2763 | D        | Received a gift from Trog
  2769 | D        | Noticed an emperor scorpion
  2784 | D        | Killed an emperor scorpion
  2785 | D        | Reached skill level 21 in Axes
  2976 | D        | Received a gift from Trog
  3029 | D        | Noticed a two-headed ogre
  3030 | D        | Noticed a five-headed hydra
  3031 | D        | Noticed a two-headed ogre
  3038 | D        | Killed a two-headed ogre
  3048 | D        | Received a gift from Trog
  3050 | D        | Killed a two-headed ogre
  3060 | D        | Received a gift from Trog
  3065 | D        | Received a gift from Trog
  3069 | D        | Killed a five-headed hydra
  3114 | D        | Noticed a merfolk aquamancer
  3124 | D        | Killed a merfolk aquamancer
  3124 | D        | Received a gift from Trog
  3306 | D        | Noticed a fire giant
  3306 | D        | Noticed a black draconian
  3306 | D        | Noticed a balrug
  3306 | D        | Noticed a centaur warrior
  3315 | D        | Killed a fire giant
  3317 | D        | Killed a balrug
  3318 | D        | Reached skill level 22 in Axes
  3331 | D        | Killed a black draconian
  3331 | D        | Received a gift from Trog
  3332 | D        | Reached XP level 13. HP: 46/136 MP: 12/12
  3621 | D        | Noticed a stone giant
  3639 | D        | Noticed a profane servitor
  3640 | D        | Received a gift from Trog
  3641 | D        | Killed a stone giant
  3655 | D        | Killed a profane servitor
  3656 | D        | Reached skill level 5 in Stealth
  3672 | D        | HP: 2/139 [nine-headed hydra (12)]
  3673 | D        | Slain by a nine-headed hydra

Illustrated notes

Levels and vault maps discovered:
D:        pitsprint [storerooms_1, entrance_room_1, metal_vault_6, armoury_2,
          mini_pit_1, grid_room_1, main_hall_1, silver_pit, the_coven_2,
          the_vestibule_1, steel_vault_4, golden_pit, hallway_of_sentries,
          crystal_vault_2, iron_vault_3, final_vault]

Skill      XL: |  1  2  3  4  5  6  7  8  9 10 11 12 13 |
---------------+----------------------------------------+-----
Fighting       | 4 5 7 8 9 10 11 12 13 14 16 18 19 | 19.8
Armour         | 4 5 7 8 10 11 12 14 16 17 18 | 18.3
Shields        | 4 5 6 7 8 10 11 12 13 15 17 18 | 18.3
Axes           | 3 5 7 8 11 12 14 15 17 20 22 | 22.8
Dodging        | 1 2 3 4 5 6 7 |  7.4
Stealth        | 1 2 4 5 |  5.4

Action                   |  1- 3 |  4- 6 |  7- 9 | 10-12 | 13-15 || total
-------------------------+-------+-------+-------+-------+-------++-------
Melee: War axe           |     2 |       |       |       |       ||     2
       Hand axe          |    20 |    24 |    58 |       |       ||   102
       Headbutt          |     3 |     2 |    24 |    54 |    12 ||    95
       Broad axe         |       |       |    23 |   173 |    46 ||   242
Invok: Berserk           |     1 |       |     4 |     7 |     1 ||    13
       Brothers in Arms  |       |       |       |     1 |     1 ||     2
  Use: Potion            |       |       |       |     5 |     1 ||     6
 Stab: Distracted        |       |       |       |     1 |       ||     1
       Confused          |       |       |       |     1 |       ||     1
Armor: Scale mail        |    11 |       |       |       |       ||    11
       Chain mail        |     2 |    16 |    16 |    55 |    24 ||   113
Dodge: Dodged            |    11 |     5 |     9 |    56 |    14 ||    95
Block: Kite shield       |    13 |    11 |    29 |    98 |    29 ||   180

Table legend: (Time is in decaauts)
 A = Elapsed time spent in this place.
 B = Non-inter-level travel time spent in this place.
 C = Inter-level travel time spent in this place.
 D = Time resting spent in this place.
 E = Time spent auto-exploring this place.
 F = Levels seen in this place.
 G = Mean time per level.
                   A        B        C        D        E       F      G
               +--------+--------+--------+--------+--------+-----+--------+
         Total |   3681 |   3681 |      0 |   2335 |    272 |   1 | 3681.0 |
       Dungeon |   3681 |   3681 |      0 |   2335 |    272 |   1 | 3681.0 |
               +--------+--------+--------+--------+--------+-----+--------+

Top non-repeatable levels by time:
       D: 3681 daAuts
